 Dungeon Crawl Stone Soup version 0.16-a0-3325-g64f94fb (webtiles) character file.

64 Kemay the Insei (level 4, 0/28 HPs)
             Began as an Octopode Transmuter on Dec 27, 2014.
             Slain by an orc
             ... wielding a cursed -1 trident
              (10 damage)
             ... on level 3 of the Dungeon.
             The game lasted 00:04:10 (2029 turns).

Kemay the Insei (Octopode Transmuter)               Turns: 2029, Time: 00:04:11

Health: 0/28       AC:  1    Str:  9    XL:     4   Next: 12%
Magic:  7/7        EV: 13    Int: 16    God:
Gold:   139        SH:  0    Dex: 12    Spells: 1 memorised, 6 levels left

rFire  . . .     SeeInvis .       - Unarmed
rCold  . . .     Clarity  +     (no shield)
rNeg   . . .     SustAb   .     (helmet restricted)
rPois  .         Gourm    .     b - amulet of clarity
rElec  .         Spirit   .     (no ring)
rCorr  .         Warding  .     (no ring)
rMut   .         Stasis   .     (no ring)
MR     .....                    (no ring)
Stlth  ++........               (no ring)
                                (no ring)
                                (no ring)
                                (no ring)

@: appendage (expiring), not resistant to hostile enchantments, unstealthy
A: almost no armour, amphibious, 8 rings, constrict 8, tentacle spike 3,
camouflage 1, gelatinous body 1
a: End Transformation


You were on level 3 of the Dungeon.
You were hungry.
One of your tentacles had a temporary spike.
You visited 1 branch of the dungeon, and saw 3 of its levels.

You collected 139 gold pieces.

Inventory:

Jewellery
 b - an amulet of clarity (around mantle)
Scrolls
 f - a scroll of teleportation
Books
 d - a book of Changes

   Spells                             Type                      Level
   a - Beastly Appendage              Transmutation                1
   b - Sticks to Snakes               Transmutation                2
   c - Spider Form                    Transmutation/Poison         3
   d - Ice Form                       Ice/Transmutation            4
   e - Blade Hands                    Transmutation                5
Comestibles
 a - 4 bread rations
 c - a chunk of flesh


   Skills:
 - Level 1.0 Fighting
 + Level 3.5 Dodging
 + Level 3.8 Unarmed Combat
 - Level 2.0 Spellcasting
 - Level 2.0 Transmutations


You had 6 spell levels left.
You knew the following spells:

 Your Spells              Type           Power        Failure   Level  Hunger
a - Beastly Appendage     Trmt           #.....       10%         1    #......


Dungeon Overview and Level Annotations

Branches:
Dungeon (3/15)

Altars:


Innate Abilities, Weirdness & Mutations

You cannot wear most types of armour.
You are amphibious.
You can wear up to eight rings at the same time.
You can use your tentacles to constrict many enemies at once.
Your skin changes colour to match your surroundings (Stealth).
Your rubbery body absorbs attacks (AC +1).
One of your tentacles bears a large vicious spike.


Message History

The orc misses you. x2
You tentacle-slap the orc.
The orc is severely wounded.
You constrict the orc, but do no damage.
The orc closely misses you. The orc barely misses you.
You tentacle-slap the orc.
The orc is severely wounded.
You constrict the orc. The orc closely misses you.
The orc hits you with a trident.
You barely miss the orc.
You pierce the orc, but do no damage.
The orc is almost dead.
You constrict the orc, but do no damage.
The orc hits you from afar with a trident.
You tentacle-slap the orc but do no damage.
You pierce the orc, but do no damage.
The orc is almost dead.
You constrict the orc.
You kill the orc!
The orc hits you from afar with a trident!
You die...

. .... # # ....# ?.. .
.... . #..# .#... #.#
#### #..##...# #.# #..
#...#o#.# #.###.#
#.#..)..# #.#...## #.#
#@..#######......#
#.###.=.....##..#.(..#
##.##)................#
#....................(.
#...<.#########......>.
#.....%...##....##.....
#..######.##....##....#
#.....###.##....##....#
#.>##..#.......^...##..


You could see an orc.

Vanquished Creatures
  2 adders (D:2)
  2 worms (D:2)
  A giant gecko (D:2)
  2 orcs (D:3)
  4 giant cockroaches
  A goblin (D:2)
  2 hobgoblins
  2 jackals (D:2)
  A quokka (D:2)
  4 bats
  A giant newt (D:3)
  3 kobolds
  10 rats
35 creatures vanquished.

Notes
Turn   | Place    | Note
--------------------------------------------------------------
     0 | D:1      | Kemay, the Octopode Transmuter, began the quest for the Orb.
     0 | D:1      | Reached XP level 1. HP: 13/13 MP: 3/3
   370 | D:1      | Reached XP level 2. HP: 15/18 MP: 4/4
  1186 | D:2      | Reached XP level 3. HP: 8/23 MP: 4/6
  1900 | D:2      | Reached XP level 4. HP: 25/28 MP: 7/7
  2029 | D:3      | Slain by an orc

Action                   |  1- 3 |  4- 6 || total
-------------------------+-------+-------++-------
Melee: Unarmed           |    35 |    11 ||    46
       Short sword       |    35 |     7 ||    42
 Cast: Beastly Appendage |     6 |     1 ||     7
 Abil: End Transformatio |     2 |       ||     2
  Use: Scroll            |     2 |     1 ||     3
       Potion            |       |     1 ||     1
 Stab: Sleeping          |     2 |     1 ||     3
  Eat: Chunk             |     3 |       ||     3
